Map: Frozen Temple

Players

Miszu

  • Race: Terran Terran
  • League: Master

KinGRgn - Winner!

  • Race: Protoss Protoss
  • League: Master

VOD

Have the link to the VOD?

Description

Time

  • Played on: April 11, 2016, 3:10 p.m.
  • Length: 5:13
Show
View Real Time Build Order
Export as new Build Order

Miszu Terran 

Build Orders:  

Get SALT Encoding   

  12  0:00  SCV  
  13  0:14  SCV  
  14  0:18  Supply Depot  
  14  0:26  SCV  
  15  0:39  SCV  
  15  0:42  Barracks  
  16  0:45  Refinery  
  16  0:52  SCV  
  17  0:58  Refinery  
  17  1:04  SCV  
  18  1:16  SCV  
  19  1:29  Orbital Command  
  19  1:30  Reaper  
  20  1:49  Factory  
  20  1:52  Supply Depot  
  20  1:55  SCV  
  21  2:02  Barracks Reactor  
  21  2:07  SCV  
  22  2:19  SCV  
  23  2:31  SCV  
  24  2:39  Starport  
  24  2:40  Marine x2, Hellion  
  24  2:43  SCV  
  29  2:56  Command Center  
  29  2:58  Marine  
  31  3:07  Marine  
  31  3:08  Supply Depot  
  31  3:14  Supply Depot  
  31  3:30  Hellion, Medivac, SCV  
  36  3:36  Marine x2  
  37  3:42  SCV  
  38  3:49  Barracks  
  38  3:50  Barracks  
  38  3:54  Marine x2, SCV  
  41  3:57  Hellion  
  43  4:06  SCV  
  43  4:09  Liberator  
  44  4:18  SCV  
  44  4:20  Factory Tech Lab  
  44  4:21  Orbital Command  
  44  4:30  SCV  
  48  4:32  Marine  
  48  4:33  Marine  
  50  4:39  Barracks Tech Lab x2  
  50  4:42  SCV  
  50  4:44  Orbital Command  
  51  4:50  Marine  
  48  4:57  SCV  
Show
View Real Time Build Order
Export as new Build Order

KinGRgn Protoss - Winner!

Build Orders: 1 Gate Expand 

Get SALT Encoding   

  12  0:01  Probe (Chrono Boost)  
  13  0:11  Probe (Chrono Boost)  
  14  0:18  Pylon  
  14  0:22  Probe (Chrono Boost)  
  15  0:36  Probe (Chrono Boost)  
  15  0:37  Gateway  
  16  0:45  Assimilator  
  16  0:49  Probe (Chrono Boost)  
  17  0:59  Probe (Chrono Boost)  
  18  1:10  Probe (Chrono Boost)  
  19  1:20  Probe (Chrono Boost)  
  19  1:24  Nexus  
  21  1:36  Cybernetics Core  
  21  1:37  Probe (Chrono Boost)  
  21  1:43  Assimilator  
  21  1:48  Probe (Chrono Boost)  
  21  1:52  Pylon  
  22  1:58  Probe (Chrono Boost)  
  23  2:14  Mothership Core (Chrono Boost)  
  23  2:15  Adept (Chrono Boost)  
  27  2:18  Warp Gate  
  27  2:33  Probe (Chrono Boost)  
  28  2:41  Stalker  
  28  2:44  Probe (Chrono Boost)  
  31  2:49  Probe (Chrono Boost)  
  32  2:54  Probe (Chrono Boost)  
  33  2:59  Robotics Facility  
  33  3:00  Probe (Chrono Boost)  
  34  3:07  Probe (Chrono Boost)  
  34  3:11  Stalker  
  34  3:12  Probe (Chrono Boost)  
  38  3:18  Probe (Chrono Boost)  
  39  3:22  Probe (Chrono Boost)  
  40  3:28  Probe (Chrono Boost)  
  41  3:39  Probe (Chrono Boost)  
  32  3:41  Stalker  
  42  3:45  Probe (Chrono Boost)  
  42  3:48  Robotics Bay  
  45  3:50  Probe (Chrono Boost)  
  45  3:51  Pylon  
  46  3:56  Pylon  
  46  4:12  Probe (Chrono Boost)  
  46  4:14  Observer (Chrono Boost)  
  48  4:19  Probe (Chrono Boost)  
  48  4:22  Pylon  
  47  4:25  Gateway  
  47  4:28  Gateway, Stalker  
  50  4:31  Probe (Chrono Boost)  
  50  4:35  Disruptor (Chrono Boost), Probe  
  54  4:38  Assimilator  
  54  4:40  Assimilator  
  54  4:43  Probe  
  55  4:56  Stalker, Probe x2  
Tags
 
Add a new tag
Caveats
  • Supply blocks, unpowered buildings, or Contaminate may cause inaccurate times.
  • Supply counts are checked every 10 seconds.